Workbook

Sheet Instructions
A1: Revised on 11-25-2022
B3: Project 1, Step 4: Instructions for This Excel Workbook
B5: View the balance sheet and income statement for the client company, Largo Global Inc. (LGI), using this Excel workbook, which includes the following tabs:
B6: 1. Bal. Sheet & Inc. Statement
B7: 2. Ratio Analysis
B8: 3. Common-size Analysis
B9: 4. Cash Flow Analysis
B11: You may submit this workbook as a milestone in Step 4, so you can receive feedback on the accuracy of your calculations before submitting your final project in Step 5 at the end of Week 2.
B13: Open tab 1. You see the balance sheet and income statement for LGI for 2018–20. You also see estimated average income statement data for LGI’s main competitors.
B14: · Use this information to complete the calculations in tabs 2–4.
B15: · Perform your calculations using the formula bar in the Excel workbook.
B16: Open tab 2. You see six groups of financial ratios as well as an industry benchmark you can use for comparison with LGI's 2018–20 ratios.
B17: · Calculate the ratios for each year.
... B21: · Complete a cash flow analysis.

Sheet Tab 1_BalanceSheet & Inc.State
E1: Largo Gobal Balance Sheet as of December 31 (millions)
C3: 2020 | D3: 2019 | E3: 2018 | I3: 2020 | J3: 2019 | K3: 2018
B4: Assets: | H4: Liabilities and Stockholders' Equity:
B5: Cash and marketable securities | C5: 228 | D5: 366 | E5: 169 | H5: Accounts payable and accruals | I5: 361 | J5: 324 | K5: 312
B6: Accounts receivable | C6: 188 | D6: 181 | E6: 157 | H6: Notes payable | I6: 140 | J6: 103 | K6: 61
B7: Inventory | C7: 404 | D7: 398 | E7: 349 | H7: Accrued taxes | I7: 56 | J7: 88 | K7: 109
B8: Other current assets | C8: 18 | D8: 10 | E8: 5 | H8: Total current liabilities | I8: 557 | J8: 515 | K8: 482
B9: Total current assets | C9: 838 | D9: 955 | E9: 680
B10: Property, plant, and equipment | C10: 4000 | D10: 3358 | E10: 2976 | H10: Long-term debt | I10: 457 | J10: 379 | K10: 283
B11: Less: Accumulated depreciation | C11: 2000 | D11: 1826 | E11: 1608 | H11: Total liabilities | I11: 1014 | J11: 894 | K11: 765
B12: Net property, plant, and equipment | C12: 2000 | D12: 1532 | E12: 1368 | H12: Common Stock (98,051,400 shares) | I12: 490 | J12: 487 | K12: 483
B13: Goodwill and other assets | C13: 1280 | D13: 1280 | E13: 1280 | H13: Additional Paid-in capital | I13: 2439 | J13: 2222 | K13: 1982
H14: Retained earnings | I14: 270 | J14: 179 | K14: 98
H15: Treasury stock | I15: -95 | J15: -15 | K15: 0
H16: Total stockholders’ equity | I16: 3104 | J16: 2873 | K16: 2563
B17: Total assets | C17: 4118 | D17: 3767 | E17: 3328 | H17: Total liabilities and equity | I17: 4118 | J17: 3767 | K17: 3328
H19: Number of shares | I19: 98051400 | J19: 97302600 | K19: 96521200
C21: 2020 | D21: 2019 | E21: 2018 | F21: Estimate competitor
B22: Sales (net sales) | C22: 2013 | D22: 2450 | E22: 2733 | F22: 7564
B23: Cost of goods sold | C23: 1400 | D23: 1689 | E23: 1765 | F23: 3883
B24: Gross profit | C24: 613 | D24: 761 | E24: 968 | F24: 3681
B25: Selling, general, and administrative expenses | C25: 125 | D25: 98 | E25: 91 | F25: 105
B26: Earnings before Interest, taxes, depreciation, and amortization (EBITDA) | C26: 488 | D26: 663 | E26: 877 | F26: 3576
B27: Depreciation and amortization | C27: 174 | D27: 218 | E27: 259 | F27: 743
B28: Earning before interest and taxes (EBIT) Operating income (loss) | C28: 314 | D28: 445 | E28: 618 | F28: 2833
B29: Interest expense | C29: 141 | D29: 137 | E29: 125 | F29: 207
B30: Earnings before taxes (EBT) | C30: 173 | D30: 308 | E30: 493 | F30: 2626
B31: Taxes (34%) | C31: 59 | D31: 105 | E31: 168 | F31: 893
B32: Net earnings (loss)/Net Income | C32: 114 | D32: 203 | E32: 325 | F32: 1733
B35: Average Total Assets 2020
B36: Jan 1, 2020 | C36: =D17 -> 3767 | D36: Note: Assets on Jan 1, 2020 = Assets on Dec 31, 2019
B37: Dec 31, 2020 | C37: =C17 -> 4118
B38: Sub-total (A) | C38: =C36+C37 -> 7885
B39: Average (A/2) | C39: =C38/2 -> 3942.5

Sheet Tab 2_Ratio Analysis
B3: 2020 | C3: 2019 | D3: 2018 | E3: Industry Benchmark | G3: Notes
A4: Liquidity Ratios
A5: Current ratio | B5: ='Tab 1_BalanceSheet & Inc.State'!C9/'Tab 1_BalanceSheet & Inc.State'!I8 -> 1.5044883 | C5: ='Tab 1_BalanceSheet & Inc.State'!D9/'Tab 1_BalanceSheet & Inc.State'!J8 -> 1.8543689 | D5: ='Tab 1_BalanceSheet & Inc.State'!E9/'Tab 1_BalanceSheet & Inc.State'!K8 -> 1.4107884 | E5: 1.92 | G5: CA/CL
A6: Quick ratio | B6: =('Tab 1_BalanceSheet & Inc.State'!C5+'Tab 1_BalanceSheet & Inc.State'!C6)/'Tab 1_BalanceSheet & Inc.State'!I8 -> 0.74685817 | C6: =('Tab 1_BalanceSheet & Inc.State'!D5+'Tab 1_BalanceSheet & Inc.State'!D6)/'Tab 1_BalanceSheet & Inc.State'!J8 -> 1.0621359 | D6: =('Tab 1_BalanceSheet & Inc.State'!E5+'Tab 1_BalanceSheet & Inc.State'!E6)/'Tab 1_BalanceSheet & Inc.State'!K8 -> 0.67634855 | E6: 1.25 | G6: CA - INV/CL
A7: Cash ratio | B7: ='Tab 1_BalanceSheet & Inc.State'!C5/'Tab 1_BalanceSheet & Inc.State'!I8 -> 0.40933573 | C7: ='Tab 1_BalanceSheet & Inc.State'!D5/'Tab 1_BalanceSheet & Inc.State'!J8 -> 0.71067961 | D7: ='Tab 1_BalanceSheet & Inc.State'!E5/'Tab 1_BalanceSheet & Inc.State'!K8 -> 0.35062241 | E7: 0.86 | G7: Cash&Cash Equivalents/ CL
A8: Efficiency Ratios
A9: Inventory turnover ratio | B9: ='Tab 1_BalanceSheet & Inc.State'!C23/AVERAGE('Tab 1_BalanceSheet & Inc.State'!C7:D7) -> 3.4912718 | C9: ='Tab 1_BalanceSheet & Inc.State'!D23/AVERAGE('Tab 1_BalanceSheet & Inc.State'!D7:E7) -> 4.5220884 | D9: ='Tab 1_BalanceSheet & Inc.State'!E23/AVERAGE('Tab 1_BalanceSheet & Inc.State'!E7:F7) -> 5.0573066 | E9: 5.37 | G9: CGS/INV
A10: Days' sales in inventory | B10: =365/B9 -> 104.54643 | C10: =365/C9 -> 80.71492 | D10: =365/D9 -> 72.172805 | E10: 50.6 | G10: 365/INV turnover
A11: Accounts receivable turnover | B11: ='Tab 1_BalanceSheet & Inc.State'!C22/AVERAGE('Tab 1_BalanceSheet & Inc.State'!C6:D6) -> 10.910569 | C11: ='Tab 1_BalanceSheet & Inc.State'!D22/AVERAGE('Tab 1_BalanceSheet & Inc.State'!D6:E6) -> 14.497041 | D11: ='Tab 1_BalanceSheet & Inc.State'!E22/AVERAGE('Tab 1_BalanceSheet & Inc.State'!E6:F6) -> 17.407643 | E11: 18.12 | G11: Sales / Ave AR
A12: Days' sales outstanding | B12: =365/B11 -> 33.4538 | C12: =365/C11 -> 25.177551 | D12: =365/D11 -> 20.967801 | E12: 21.5 | G12: 12 month DSO is (Ave AR/Sales)*365
A13: Total asset turnover (TAT) | B13: ='Tab 1_BalanceSheet & Inc.State'!C22/AVERAGE('Tab 1_BalanceSheet & Inc.State'!C17:D17) -> 0.51058973 | C13: ='Tab 1_BalanceSheet & Inc.State'!D22/AVERAGE('Tab 1_BalanceSheet & Inc.State'!D17:E17) -> 0.6906272 | D13: ='Tab 1_BalanceSheet & Inc.State'!E22/AVERAGE('Tab 1_BalanceSheet & Inc.State'!E17:F17) -> 0.82121394 | E13: 0.9 | G13: Net Sales / Ave Total Assets
A14: Fixed assets turnover | B14: ='Tab 1_BalanceSheet & Inc.State'!C22/AVERAGE('Tab 1_BalanceSheet & Inc.State'!C12:D12) -> 1.1398641 | C14: ='Tab 1_BalanceSheet & Inc.State'!D22/AVERAGE('Tab 1_BalanceSheet & Inc.State'!D12:E12) -> 1.6896552 | D14: ='Tab 1_BalanceSheet & Inc.State'!E22/AVERAGE('Tab 1_BalanceSheet & Inc.State'!E12:F12) -> 1.997807 | E14: 2.75 | G14: Net Sales / Ave Net Fixed Assets
A15: Leverage Ratios
A16: Total debt ratio | B16: ='Tab 1_BalanceSheet & Inc.State'!I11/'Tab 1_BalanceSheet & Inc.State'!C17 -> 0.24623604 | C16: ='Tab 1_BalanceSheet & Inc.State'!J11/'Tab 1_BalanceSheet & Inc.State'!D17 -> 0.23732413 | D16: ='Tab 1_BalanceSheet & Inc.State'!K11/'Tab 1_BalanceSheet & Inc.State'!E17 -> 0.22986779 | E16: 0.21 | G16: Tot Debt / Tot Assets
A17: Debt to equity ratio | B17: ='Tab 1_BalanceSheet & Inc.State'!I11/'Tab 1_BalanceSheet & Inc.State'!I16 -> 0.32667526 | C17: ='Tab 1_BalanceSheet & Inc.State'!J11/'Tab 1_BalanceSheet & Inc.State'!J16 -> 0.31117299 | D17: ='Tab 1_BalanceSheet & Inc.State'!K11/'Tab 1_BalanceSheet & Inc.State'!K16 -> 0.29847835 | E17: 0.27 | G17: Tot Debt / Tot Equity
A18: Equity multiplier (EM) | B18: =AVERAGE('Tab 1_BalanceSheet & Inc.State'!C17:D17)/AVERAGE('Tab 1_BalanceSheet & Inc.State'!I16:J16) -> 1.3192237 | C18: =AVERAGE('Tab 1_BalanceSheet & Inc.State'!D17:E17)/AVERAGE('Tab 1_BalanceSheet & Inc.State'!J16:K16) -> 1.3051876 | D18: =AVERAGE('Tab 1_BalanceSheet & Inc.State'!E17:F17)/AVERAGE('Tab 1_BalanceSheet & Inc.State'!K16:L16) -> 1.2984783 | E18: 1.23 | G18: Average Total Assets/Average Shareholders’ Equity
A19: Times interest earned | B19: ='Tab 1_BalanceSheet & Inc.State'!C28/'Tab 1_BalanceSheet & Inc.State'!C29 -> 2.2269504 | C19: ='Tab 1_BalanceSheet & Inc.State'!D28/'Tab 1_BalanceSheet & Inc.State'!D29 -> 3.2481752 | D19: ='Tab 1_BalanceSheet & Inc.State'!E28/'Tab 1_BalanceSheet & Inc.State'!E29 -> 4.944 | E19: 5.5 | G19: EBIT / Int Exp
A20: Cash coverage | B20: ='Tab 1_BalanceSheet & Inc.State'!C26/'Tab 1_BalanceSheet & Inc.State'!C29 -> 3.4609929 | C20: ='Tab 1_BalanceSheet & Inc.State'!D26/'Tab 1_BalanceSheet & Inc.State'!D29 -> 4.8394161 | D20: ='Tab 1_BalanceSheet & Inc.State'!E26/'Tab 1_BalanceSheet & Inc.State'!E29 -> 7.016 | E20: 9.3 | G20: EBITDA/ Int Exp
A21: Profitability Ratios
A22: Profit Margin (PM) | B22: ='Tab 1_BalanceSheet & Inc.State'!C32/'Tab 1_BalanceSheet & Inc.State'!C22 -> 0.056631893 | C22: ='Tab 1_BalanceSheet & Inc.State'!D32/'Tab 1_BalanceSheet & Inc.State'!D22 -> 0.082857143 | D22: ='Tab 1_BalanceSheet & Inc.State'!E32/'Tab 1_BalanceSheet & Inc.State'!E22 -> 0.11891694 | E22: 0.14 | G22: NI/Net Sales
A23: Gross profit margin | B23: ='Tab 1_BalanceSheet & Inc.State'!C24/'Tab 1_BalanceSheet & Inc.State'!C22 -> 0.30452062 | C23: ='Tab 1_BalanceSheet & Inc.State'!D24/'Tab 1_BalanceSheet & Inc.State'!D22 -> 0.31061224 | D23: ='Tab 1_BalanceSheet & Inc.State'!E24/'Tab 1_BalanceSheet & Inc.State'!E22 -> 0.35418954 | E23: 0.48 | G23: GM/Sales
A24: Operating profit margin | B24: ='Tab 1_BalanceSheet & Inc.State'!C28/'Tab 1_BalanceSheet & Inc.State'!C22 -> 0.15598609 | C24: ='Tab 1_BalanceSheet & Inc.State'!D28/'Tab 1_BalanceSheet & Inc.State'!D22 -> 0.18163265 | D24: ='Tab 1_BalanceSheet & Inc.State'!E28/'Tab 1_BalanceSheet & Inc.State'!E22 -> 0.22612514 | E24: 0.24 | G24: EBIT / Sales
A25: EBIT return on assets (EROA) | B25: ='Tab 1_BalanceSheet & Inc.State'!C28/'Tab 1_BalanceSheet & Inc.State'!C17 -> 0.076250607 | C25: ='Tab 1_BalanceSheet & Inc.State'!D28/'Tab 1_BalanceSheet & Inc.State'!D17 -> 0.11813114 | D25: ='Tab 1_BalanceSheet & Inc.State'!E28/'Tab 1_BalanceSheet & Inc.State'!E17 -> 0.18569712 | E25: 0.19 | G25: EBIT/Tot Assets
A26: ROA | B26: ='Tab 1_BalanceSheet & Inc.State'!C32/'Tab 1_BalanceSheet & Inc.State'!C17 -> 0.027683341 | C26: ='Tab 1_BalanceSheet & Inc.State'!D32/'Tab 1_BalanceSheet & Inc.State'!D17 -> 0.053889036 | D26: ='Tab 1_BalanceSheet & Inc.State'!E32/'Tab 1_BalanceSheet & Inc.State'!E17 -> 0.09765625 | E26: 0.17 | G26: NI / Tot Assets
A27: ROE | B27: ='Tab 1_BalanceSheet & Inc.State'!C32/AVERAGE('Tab 1_BalanceSheet & Inc.State'!I16:J16) -> 0.038146227 | C27: ='Tab 1_BalanceSheet & Inc.State'!D32/AVERAGE('Tab 1_BalanceSheet & Inc.State'!J16:K16) -> 0.07468727 | D27: ='Tab 1_BalanceSheet & Inc.State'!E32/AVERAGE('Tab 1_BalanceSheet & Inc.State'!K16:L16) -> 0.12680453 | E27: 0.15 | G27: NI / Ave. SE
A28: Market Value ratios (*)
A29: Earning per share (EPS) | B29: ='Tab 1_BalanceSheet & Inc.State'!C32/'Tab 1_BalanceSheet & Inc.State'!I19*1000000 -> 1.1626555 | C29: ='Tab 1_BalanceSheet & Inc.State'!D32/'Tab 1_BalanceSheet & Inc.State'!J19*1000000 -> 2.0862752 | D29: ='Tab 1_BalanceSheet & Inc.State'!E32/'Tab 1_BalanceSheet & Inc.State'!K19*1000000 -> 3.3671359 | E29: n.a. | G29: NI / Outstanding shares
A30: Price-earnings ratio | B30: =B37/B29 -> 55.9065 | C30: =C37/C29 -> 32.593974 | D30: =D37/D29 -> 21.08617 | E30: n.a. | G30: Price/EPS
A31: DuPont Equation
A32: PM | B32: =B22 -> 0.056631893 | C32: =C22 -> 0.082857143 | D32: =D22 -> 0.11891694 | E32: 0.14 | G32: NI/Net Sales
A33: TAT** | B33: =B13 -> 0.51058973 | C33: =C13 -> 0.6906272 | D33: =D13 -> 0.82121394 | E33: 0.9 | G33: Net Sales / Ave Total Assets
A34: EM | B34: =B18 -> 1.3192237 | C34: =C18 -> 1.3051876 | D34: =D18 -> 1.2984783 | E34: 1.23 | G34: Average Total Assets/Average Shareholders’ Equity
A35: ROE | B35: =B32*B33*B34 -> 0.038146227 | C35: =C32*C33*C34 -> 0.07468727 | D35: =D32*D33*D34 -> 0.12680453 | E35: 0.15 | G35: NI / Ave. SE
A37: (*) Price per share | B37: 65 | C37: 68 | D37: 71
A38: (**) Instructor’s Note: Why are average balance sheet amounts used in calculating the turnover ratios? In the calculation of a turnover ratio, the numerator is an amount from an annual income statement, while the denominator is a balance sheet amount. Since a balance sheet amount is a snapshot and reflects only an instant or moment, there is an inconsistency between the numerator and the denominator. For example, the numerator in the inventory turnover ratio is the cost of goods sold for the 365-day year, while the denominator reflects the cost of inventory for a just one moment at the end of the last day of the accounting year. To overcome this shortcoming, the denominator needs to be representative of all of the moments during the year. When the inventory amount on last year's balance sheet and the amount on this year's balance sheet are the only amounts available, it is common to use the average of these two balance sheet amounts in the denominator. It is also common to use the average of these two balance sheet amounts in the trend analysis. With the same reason, Dupont ratio can be expressed as: DuPont Analysis = Net Profit Margin × TAT × EM where: Net Profit Margin= Net Income/Sales TAT=Asset turnover Total Asset Turnover=Sales/Average Total Asset EM=Equity multiplier Equity Multiplier=Average Total Assets/Average Shareholders’ Equity It is worth noting that the textbook focuses on the single year’s ratio analysis which is correct but is not recommended for the trend analysis for this project.

Sheet Tab 3_Common-size Analysis
B3: 2020 | D3: 2019 | F3: 2018 | J3: 2020 | L3: 2019 | N3: 2018
B4: % of Assets | C4: change | D4: % of Assets | E4: change | F4: % of Assets | J4: % of Assets | K4: change | L4: % of Assets | M4: change | N4: % of Assets
A5: Assets: | I5: Liabilities and Stockholders' Equity:
A6: Cash and marketable securities | B6: ='Tab 1_BalanceSheet & Inc.State'!C5/'Tab 1_BalanceSheet & Inc.State'!C$17 -> 0.055366683 | C6: =B6-D6 -> -0.041792861 | D6: ='Tab 1_BalanceSheet & Inc.State'!D5/'Tab 1_BalanceSheet & Inc.State'!D$17 -> 0.097159543 | E6: =D6-F6 -> 0.046378293 | F6: ='Tab 1_BalanceSheet & Inc.State'!E5/'Tab 1_BalanceSheet & Inc.State'!E$17 -> 0.05078125 | I6: Accounts payable and accruals | J6: ='Tab 1_BalanceSheet & Inc.State'!I5/'Tab 1_BalanceSheet & Inc.State'!C$17 -> 0.087663915 | K6: =J6-L6 -> 0.0016538269 | L6: ='Tab 1_BalanceSheet & Inc.State'!J5/'Tab 1_BalanceSheet & Inc.State'!D$17 -> 0.086010088 | M6: =L6-N6 -> -0.0077399124 | N6: ='Tab 1_BalanceSheet & Inc.State'!K5/'Tab 1_BalanceSheet & Inc.State'!E$17 -> 0.09375
A7: Accounts receivable | B7: ='Tab 1_BalanceSheet & Inc.State'!C6/'Tab 1_BalanceSheet & Inc.State'!C$17 -> 0.04565323 | C7: =B7-D7 -> -0.0023956155 | D7: ='Tab 1_BalanceSheet & Inc.State'!D6/'Tab 1_BalanceSheet & Inc.State'!D$17 -> 0.048048845 | E7: =D7-F7 -> 0.00087336447 | F7: ='Tab 1_BalanceSheet & Inc.State'!E6/'Tab 1_BalanceSheet & Inc.State'!E$17 -> 0.047175481 | I7: Notes payable | J7: ='Tab 1_BalanceSheet & Inc.State'!I6/'Tab 1_BalanceSheet & Inc.State'!C$17 -> 0.033997086 | K7: =J7-L7 -> 0.0066543729 | L7: ='Tab 1_BalanceSheet & Inc.State'!J6/'Tab 1_BalanceSheet & Inc.State'!D$17 -> 0.027342713 | M7: =L7-N7 -> 0.0090133861 | N7: ='Tab 1_BalanceSheet & Inc.State'!K6/'Tab 1_BalanceSheet & Inc.State'!E$17 -> 0.018329327
A8: Inventory | B8: ='Tab 1_BalanceSheet & Inc.State'!C7/'Tab 1_BalanceSheet & Inc.State'!C$17 -> 0.098105877 | C8: =B8-D8 -> -0.0075484902 | D8: ='Tab 1_BalanceSheet & Inc.State'!D7/'Tab 1_BalanceSheet & Inc.State'!D$17 -> 0.10565437 | E8: =D8-F8 -> 0.00078657841 | F8: ='Tab 1_BalanceSheet & Inc.State'!E7/'Tab 1_BalanceSheet & Inc.State'!E$17 -> 0.10486779 | I8: Accrued taxes | J8: ='Tab 1_BalanceSheet & Inc.State'!I7/'Tab 1_BalanceSheet & Inc.State'!C$17 -> 0.013598834 | K8: =J8-L8 -> -0.0097619301 | L8: ='Tab 1_BalanceSheet & Inc.State'!J7/'Tab 1_BalanceSheet & Inc.State'!D$17 -> 0.023360765 | M8: =L8-N8 -> -0.0093916393 | N8: ='Tab 1_BalanceSheet & Inc.State'!K7/'Tab 1_BalanceSheet & Inc.State'!E$17 -> 0.032752404
A9: Other current assts | B9: ='Tab 1_BalanceSheet & Inc.State'!C8/'Tab 1_BalanceSheet & Inc.State'!C$17 -> 0.0043710539 | C9: =B9-D9 -> 0.0017164216 | D9: ='Tab 1_BalanceSheet & Inc.State'!D8/'Tab 1_BalanceSheet & Inc.State'!D$17 -> 0.0026546323 | E9: =D9-F9 -> 0.0011522285 | F9: ='Tab 1_BalanceSheet & Inc.State'!E8/'Tab 1_BalanceSheet & Inc.State'!E$17 -> 0.0015024038 | I9: Total current liabilities | J9: ='Tab 1_BalanceSheet & Inc.State'!I8/'Tab 1_BalanceSheet & Inc.State'!C$17 -> 0.13525983 | K9: =J9-L9 -> -0.0014537303 | L9: ='Tab 1_BalanceSheet & Inc.State'!J8/'Tab 1_BalanceSheet & Inc.State'!D$17 -> 0.13671357 | M9: =L9-N9 -> -0.0081181656 | N9: ='Tab 1_BalanceSheet & Inc.State'!K8/'Tab 1_BalanceSheet & Inc.State'!E$17 -> 0.14483173
A10: Total current assets | B10: ='Tab 1_BalanceSheet & Inc.State'!C9/'Tab 1_BalanceSheet & Inc.State'!C$17 -> 0.20349684 | C10: =B10-D10 -> -0.050020545 | D10: ='Tab 1_BalanceSheet & Inc.State'!D9/'Tab 1_BalanceSheet & Inc.State'!D$17 -> 0.25351739 | E10: =D10-F10 -> 0.049190465 | F10: ='Tab 1_BalanceSheet & Inc.State'!E9/'Tab 1_BalanceSheet & Inc.State'!E$17 -> 0.20432692
A11: Property, plant, and equipment | B11: ='Tab 1_BalanceSheet & Inc.State'!C10/'Tab 1_BalanceSheet & Inc.State'!C$17 -> 0.97134531 | C11: =B11-D11 -> 0.079919776 | D11: ='Tab 1_BalanceSheet & Inc.State'!D10/'Tab 1_BalanceSheet & Inc.State'!D$17 -> 0.89142554 | E11: =D11-F11 -> -0.0028052317 | F11: ='Tab 1_BalanceSheet & Inc.State'!E10/'Tab 1_BalanceSheet & Inc.State'!E$17 -> 0.89423077 | I11: Long-term debt | J11: ='Tab 1_BalanceSheet & Inc.State'!I10/'Tab 1_BalanceSheet & Inc.State'!C$17 -> 0.1109762 | K11: =J11-L11 -> 0.010365637 | L11: ='Tab 1_BalanceSheet & Inc.State'!J10/'Tab 1_BalanceSheet & Inc.State'!D$17 -> 0.10061057 | M11: =L11-N11 -> 0.015574508 | N11: ='Tab 1_BalanceSheet & Inc.State'!K10/'Tab 1_BalanceSheet & Inc.State'!E$17 -> 0.085036058
A12: Less: Accumulated depreciation | B12: ='Tab 1_BalanceSheet & Inc.State'!C11/'Tab 1_BalanceSheet & Inc.State'!C$17 -> 0.48567266 | C12: =B12-D12 -> 0.00093679255 | D12: ='Tab 1_BalanceSheet & Inc.State'!D11/'Tab 1_BalanceSheet & Inc.State'!D$17 -> 0.48473586 | E12: =D12-F12 -> 0.0015627872 | F12: ='Tab 1_BalanceSheet & Inc.State'!E11/'Tab 1_BalanceSheet & Inc.State'!E$17 -> 0.48317308 | I12: Total liabilities | J12: ='Tab 1_BalanceSheet & Inc.State'!I11/'Tab 1_BalanceSheet & Inc.State'!C$17 -> 0.24623604 | K12: =J12-L12 -> 0.0089119063 | L12: ='Tab 1_BalanceSheet & Inc.State'!J11/'Tab 1_BalanceSheet & Inc.State'!D$17 -> 0.23732413 | M12: =L12-N12 -> 0.0074563421 | N12: ='Tab 1_BalanceSheet & Inc.State'!K11/'Tab 1_BalanceSheet & Inc.State'!E$17 -> 0.22986779
A13: Net property, plant, and equipment | B13: ='Tab 1_BalanceSheet & Inc.State'!C12/'Tab 1_BalanceSheet & Inc.State'!C$17 -> 0.48567266 | C13: =B13-D13 -> 0.078982983 | D13: ='Tab 1_BalanceSheet & Inc.State'!D12/'Tab 1_BalanceSheet & Inc.State'!D$17 -> 0.40668967 | E13: =D13-F13 -> -0.0043680188 | F13: ='Tab 1_BalanceSheet & Inc.State'!E12/'Tab 1_BalanceSheet & Inc.State'!E$17 -> 0.41105769 | I13: Common Stock (98,051,400 shares) | J13: ='Tab 1_BalanceSheet & Inc.State'!I12/'Tab 1_BalanceSheet & Inc.State'!C$17 -> 0.1189898 | K13: =J13-L13 -> -0.010290794 | L13: ='Tab 1_BalanceSheet & Inc.State'!J12/'Tab 1_BalanceSheet & Inc.State'!D$17 -> 0.12928059 | M13: =L13-N13 -> -0.015851617 | N13: ='Tab 1_BalanceSheet & Inc.State'!K12/'Tab 1_BalanceSheet & Inc.State'!E$17 -> 0.14513221
A14: Goodwill and other assets | B14: ='Tab 1_BalanceSheet & Inc.State'!C13/'Tab 1_BalanceSheet & Inc.State'!C$17 -> 0.3108305 | C14: =B14-D14 -> -0.028962438 | D14: ='Tab 1_BalanceSheet & Inc.State'!D13/'Tab 1_BalanceSheet & Inc.State'!D$17 -> 0.33979294 | E14: =D14-F14 -> -0.044822446 | F14: ='Tab 1_BalanceSheet & Inc.State'!E13/'Tab 1_BalanceSheet & Inc.State'!E$17 -> 0.38461538 | I14: Additional Paid-in capital | J14: ='Tab 1_BalanceSheet & Inc.State'!I13/'Tab 1_BalanceSheet & Inc.State'!C$17 -> 0.5922778 | K14: =J14-L14 -> 0.0024185003 | L14: ='Tab 1_BalanceSheet & Inc.State'!J13/'Tab 1_BalanceSheet & Inc.State'!D$17 -> 0.5898593 | M14: =L14-N14 -> -0.0056935801 | N14: ='Tab 1_BalanceSheet & Inc.State'!K13/'Tab 1_BalanceSheet & Inc.State'!E$17 -> 0.59555288
I15: Retained earnings | J15: ='Tab 1_BalanceSheet & Inc.State'!I14/'Tab 1_BalanceSheet & Inc.State'!C$17 -> 0.065565809 | K15: =J15-L15 -> 0.01804789 | L15: ='Tab 1_BalanceSheet & Inc.State'!J14/'Tab 1_BalanceSheet & Inc.State'!D$17 -> 0.047517919 | M15: =L15-N15 -> 0.018070803 | N15: ='Tab 1_BalanceSheet & Inc.State'!K14/'Tab 1_BalanceSheet & Inc.State'!E$17 -> 0.029447115
I16: Treasury stock | J16: ='Tab 1_BalanceSheet & Inc.State'!I15/'Tab 1_BalanceSheet & Inc.State'!C$17 -> -0.023069451 | K16: =J16-L16 -> -0.019087503 | L16: ='Tab 1_BalanceSheet & Inc.State'!J15/'Tab 1_BalanceSheet & Inc.State'!D$17 -> -0.0039819485 | M16: =L16-N16 -> -0.0039819485 | N16: ='Tab 1_BalanceSheet & Inc.State'!K15/'Tab 1_BalanceSheet & Inc.State'!E$17 -> 0
I17: Total stockholders’ equity | J17: ='Tab 1_BalanceSheet & Inc.State'!I16/'Tab 1_BalanceSheet & Inc.State'!C$17 -> 0.75376396 | K17: =J17-L17 -> -0.0089119063 | L17: ='Tab 1_BalanceSheet & Inc.State'!J16/'Tab 1_BalanceSheet & Inc.State'!D$17 -> 0.76267587 | M17: =L17-N17 -> -0.0074563421 | N17: ='Tab 1_BalanceSheet & Inc.State'!K16/'Tab 1_BalanceSheet & Inc.State'!E$17 -> 0.77013221
A18: Total assets | B18: ='Tab 1_BalanceSheet & Inc.State'!C17/'Tab 1_BalanceSheet & Inc.State'!C$17 -> 1 | C18: =B18-D18 -> 0 | D18: ='Tab 1_BalanceSheet & Inc.State'!D17/'Tab 1_BalanceSheet & Inc.State'!D$17 -> 1 | E18: =D18-F18 -> 0 | F18: ='Tab 1_BalanceSheet & Inc.State'!E17/'Tab 1_BalanceSheet & Inc.State'!E$17 -> 1 | I18: Total liabilities and equity | J18: ='Tab 1_BalanceSheet & Inc.State'!I17/'Tab 1_BalanceSheet & Inc.State'!C$17 -> 1 | K18: =J18-L18 -> 0 | L18: ='Tab 1_BalanceSheet & Inc.State'!J17/'Tab 1_BalanceSheet & Inc.State'!D$17 -> 1 | M18: =L18-N18 -> 0 | N18: ='Tab 1_BalanceSheet & Inc.State'!K17/'Tab 1_BalanceSheet & Inc.State'!E$17 -> 1
B21: 2020 | D21: 2019 | F21: 2018
B22: % of Sales | C22: change | D22: % of Sales | E22: change | F22: % of Sales
A23: Net sales | B23: ='Tab 1_BalanceSheet & Inc.State'!C22/'Tab 1_BalanceSheet & Inc.State'!C$22 -> 1 | D23: ='Tab 1_BalanceSheet & Inc.State'!D22/'Tab 1_BalanceSheet & Inc.State'!D$22 -> 1 | F23: ='Tab 1_BalanceSheet & Inc.State'!E22/'Tab 1_BalanceSheet & Inc.State'!E$22 -> 1
A24: Cost of goods sold | B24: ='Tab 1_BalanceSheet & Inc.State'!C23/'Tab 1_BalanceSheet & Inc.State'!C$22 -> 0.69547938 | C24: =B24-D24 -> 0.0060916289 | D24: ='Tab 1_BalanceSheet & Inc.State'!D23/'Tab 1_BalanceSheet & Inc.State'!D$22 -> 0.68938776 | E24: =D24-F24 -> 0.04357729 | F24: ='Tab 1_BalanceSheet & Inc.State'!E23/'Tab 1_BalanceSheet & Inc.State'!E$22 -> 0.64581046
A25: Gross profit | B25: ='Tab 1_BalanceSheet & Inc.State'!C24/'Tab 1_BalanceSheet & Inc.State'!C$22 -> 0.30452062 | C25: =B25-D25 -> -0.0060916289 | D25: ='Tab 1_BalanceSheet & Inc.State'!D24/'Tab 1_BalanceSheet & Inc.State'!D$22 -> 0.31061224 | E25: =D25-F25 -> -0.04357729 | F25: ='Tab 1_BalanceSheet & Inc.State'!E24/'Tab 1_BalanceSheet & Inc.State'!E$22 -> 0.35418954
A26: Selling, general, and administrative expenses | B26: ='Tab 1_BalanceSheet & Inc.State'!C25/'Tab 1_BalanceSheet & Inc.State'!C$22 -> 0.062096374 | C26: =B26-D26 -> 0.022096374 | D26: ='Tab 1_BalanceSheet & Inc.State'!D25/'Tab 1_BalanceSheet & Inc.State'!D$22 -> 0.04 | E26: =D26-F26 -> 0.0067032565 | F26: ='Tab 1_BalanceSheet & Inc.State'!E25/'Tab 1_BalanceSheet & Inc.State'!E$22 -> 0.033296744
A27: Earnings before Interest, taxes, depreciation, and amortization (EBITDA) | B27: ='Tab 1_BalanceSheet & Inc.State'!C26/'Tab 1_BalanceSheet & Inc.State'!C$22 -> 0.24242424 | C27: =B27-D27 -> -0.028188002 | D27: ='Tab 1_BalanceSheet & Inc.State'!D26/'Tab 1_BalanceSheet & Inc.State'!D$22 -> 0.27061224 | E27: =D27-F27 -> -0.050280547 | F27: ='Tab 1_BalanceSheet & Inc.State'!E26/'Tab 1_BalanceSheet & Inc.State'!E$22 -> 0.32089279
A28: Depreciation and amortization | B28: ='Tab 1_BalanceSheet & Inc.State'!C27/'Tab 1_BalanceSheet & Inc.State'!C$22 -> 0.086438152 | C28: =B28-D28 -> -0.0025414398 | D28: ='Tab 1_BalanceSheet & Inc.State'!D27/'Tab 1_BalanceSheet & Inc.State'!D$22 -> 0.088979592 | E28: =D28-F28 -> -0.0057880628 | F28: ='Tab 1_BalanceSheet & Inc.State'!E27/'Tab 1_BalanceSheet & Inc.State'!E$22 -> 0.094767655
A29: Earning before interest and taxes (EBIT) Operating income (loss) | B29: ='Tab 1_BalanceSheet & Inc.State'!C28/'Tab 1_BalanceSheet & Inc.State'!C$22 -> 0.15598609 | C29: =B29-D29 -> -0.025646563 | D29: ='Tab 1_BalanceSheet & Inc.State'!D28/'Tab 1_BalanceSheet & Inc.State'!D$22 -> 0.18163265 | E29: =D29-F29 -> -0.044492484 | F29: ='Tab 1_BalanceSheet & Inc.State'!E28/'Tab 1_BalanceSheet & Inc.State'!E$22 -> 0.22612514
A30: Interest expense | B30: ='Tab 1_BalanceSheet & Inc.State'!C29/'Tab 1_BalanceSheet & Inc.State'!C$22 -> 0.070044709 | C30: =B30-D30 -> 0.014126342 | D30: ='Tab 1_BalanceSheet & Inc.State'!D29/'Tab 1_BalanceSheet & Inc.State'!D$22 -> 0.055918367 | E30: =D30-F30 -> 0.010181082 | F30: ='Tab 1_BalanceSheet & Inc.State'!E29/'Tab 1_BalanceSheet & Inc.State'!E$22 -> 0.045737285
A31: Earnings before taxes (EBT) | B31: ='Tab 1_BalanceSheet & Inc.State'!C30/'Tab 1_BalanceSheet & Inc.State'!C$22 -> 0.085941381 | C31: =B31-D31 -> -0.039772905 | D31: ='Tab 1_BalanceSheet & Inc.State'!D30/'Tab 1_BalanceSheet & Inc.State'!D$22 -> 0.12571429 | E31: =D31-F31 -> -0.054673566 | F31: ='Tab 1_BalanceSheet & Inc.State'!E30/'Tab 1_BalanceSheet & Inc.State'!E$22 -> 0.18038785
A32: Taxes | B32: ='Tab 1_BalanceSheet & Inc.State'!C31/'Tab 1_BalanceSheet & Inc.State'!C$22 -> 0.029309488 | C32: =B32-D32 -> -0.013547655 | D32: ='Tab 1_BalanceSheet & Inc.State'!D31/'Tab 1_BalanceSheet & Inc.State'!D$22 -> 0.042857143 | E32: =D32-F32 -> -0.018613768 | F32: ='Tab 1_BalanceSheet & Inc.State'!E31/'Tab 1_BalanceSheet & Inc.State'!E$22 -> 0.061470911
A33: Net earnings (loss)/Net Income | B33: ='Tab 1_BalanceSheet & Inc.State'!C32/'Tab 1_BalanceSheet & Inc.State'!C$22 -> 0.056631893 | C33: =B33-D33 -> -0.02622525 | D33: ='Tab 1_BalanceSheet & Inc.State'!D32/'Tab 1_BalanceSheet & Inc.State'!D$22 -> 0.082857143 | E33: =D33-F33 -> -0.036059798 | F33: ='Tab 1_BalanceSheet & Inc.State'!E32/'Tab 1_BalanceSheet & Inc.State'!E$22 -> 0.11891694

Sheet Tab 4_Cash Flow Analysis
A1: Instructions: All grey cells need to be filled. Numbers in the yellow colour cells are the sums of each activities. The sum of numbers in grey cells in each category must equal the number in the yellow colour cell.
B3: 2020 | C3: 2019
A4: Operating Activities
A5: Net income | B5: 114 | C5: 203
A6: Additions (sources of cash)
A7: Depreciation | B7: ='Tab 1_BalanceSheet & Inc.State'!C27 -> 174 | C7: ='Tab 1_BalanceSheet & Inc.State'!D27 -> 218
A8: Increase in accounts payable | B8: ='Tab 1_BalanceSheet & Inc.State'!I5-'Tab 1_BalanceSheet & Inc.State'!J5 -> 37 | C8: ='Tab 1_BalanceSheet & Inc.State'!J5-'Tab 1_BalanceSheet & Inc.State'!K5 -> 12
A9: Subtractions (uses of cash)
A10: Increase in accounts receivable | B10: =-('Tab 1_BalanceSheet & Inc.State'!C6-'Tab 1_BalanceSheet & Inc.State'!D6) -> -7 | C10: =-('Tab 1_BalanceSheet & Inc.State'!D6-'Tab 1_BalanceSheet & Inc.State'!E6) -> -24
A11: Decrease in accrued income taxes | B11: ='Tab 1_BalanceSheet & Inc.State'!I7-'Tab 1_BalanceSheet & Inc.State'!J7 -> -32 | C11: ='Tab 1_BalanceSheet & Inc.State'!J7-'Tab 1_BalanceSheet & Inc.State'!K7 -> -21
A12: Increase in other current assets | B12: =-('Tab 1_BalanceSheet & Inc.State'!C8-'Tab 1_BalanceSheet & Inc.State'!D8) -> -8 | C12: =-('Tab 1_BalanceSheet & Inc.State'!D8-'Tab 1_BalanceSheet & Inc.State'!E8) -> -5
A13: Increase in inventories | B13: =-('Tab 1_BalanceSheet & Inc.State'!C7-'Tab 1_BalanceSheet & Inc.State'!D7) -> -6 | C13: =-('Tab 1_BalanceSheet & Inc.State'!D7-'Tab 1_BalanceSheet & Inc.State'!E7) -> -49
A14: Net cash provided by operating activities | B14: 272 | C14: 334
A15: Long-Term Investing Activities
A16: Increase in property equipment | B16: =-('Tab 1_BalanceSheet & Inc.State'!C10-'Tab 1_BalanceSheet & Inc.State'!D10) -> -642 | C16: =-('Tab 1_BalanceSheet & Inc.State'!D10-'Tab 1_BalanceSheet & Inc.State'!E10) -> -382
A17: Decrease in goodwill and other assets | B17: ='Tab 1_BalanceSheet & Inc.State'!C13-'Tab 1_BalanceSheet & Inc.State'!D13 -> 0 | C17: ='Tab 1_BalanceSheet & Inc.State'!D13-'Tab 1_BalanceSheet & Inc.State'!E13 -> 0
A18: Net cash used in investing activities | B18: -642 | C18: -382
A19: Financing Activities
A20: Increase in notes payable | B20: ='Tab 1_BalanceSheet & Inc.State'!I6-'Tab 1_BalanceSheet & Inc.State'!J6 -> 37 | C20: ='Tab 1_BalanceSheet & Inc.State'!J6-'Tab 1_BalanceSheet & Inc.State'!K6 -> 42
A21: Increase in long-term debt | B21: ='Tab 1_BalanceSheet & Inc.State'!I10-'Tab 1_BalanceSheet & Inc.State'!J10 -> 78 | C21: ='Tab 1_BalanceSheet & Inc.State'!J10-'Tab 1_BalanceSheet & Inc.State'!K10 -> 96
A22: Sale of common stock | B22: =('Tab 1_BalanceSheet & Inc.State'!I12+'Tab 1_BalanceSheet & Inc.State'!I13)-('Tab 1_BalanceSheet & Inc.State'!J12+'Tab 1_BalanceSheet & Inc.State'!J13) -> 220 | C22: =('Tab 1_BalanceSheet & Inc.State'!J12+'Tab 1_BalanceSheet & Inc.State'!J13)-('Tab 1_BalanceSheet & Inc.State'!K12+'Tab 1_BalanceSheet & Inc.State'!K13) -> 244
A23: Payment of cash dividends ** | B23: =-B38 -> -114 | C23: =-C38 -> -122
A24: Purchase of treasury stock | B24: ='Tab 1_BalanceSheet & Inc.State'!I15-'Tab 1_BalanceSheet & Inc.State'!J15 -> -80 | C24: ='Tab 1_BalanceSheet & Inc.State'!J15-'Tab 1_BalanceSheet & Inc.State'!K15 -> -15
A25: Net cash provided by financing activities | B25: 232 | C25: 245
A27: Net increase in cash and marketable securities | B27: =B25+B18+B14 -> -138 | C27: =C25+C18+C14 -> 197
A28: Cash and marketable securities at beginning of year | B28: ='Tab 1_BalanceSheet & Inc.State'!D5 -> 366 | C28: ='Tab 1_BalanceSheet & Inc.State'!E5 -> 169
A29: Cash and marketable securities at end of year | B29: =B27+B28 -> 228 | C29: =C27+C28 -> 366
A33: ** Dividends:
B34: 2020 | C34: 2019
A35: Jan 1 Retained Earnings | B35: ='Tab 1_BalanceSheet & Inc.State'!J14 -> 179 | C35: ='Tab 1_BalanceSheet & Inc.State'!K14 -> 98
A36: add Net Income | B36: ='Tab 1_BalanceSheet & Inc.State'!C32 -> 114 | C36: ='Tab 1_BalanceSheet & Inc.State'!D32 -> 203
A37: sub-total | B37: =B39+B36 -> 384 | C37: =C35+C36 -> 301
A38: less dividends | B38: =B37-B39 -> 114 | C38: =C37-C39 -> 122
A39: Dec 31 Retained Earnings | B39: ='Tab 1_BalanceSheet & Inc.State'!I14 -> 270 | C39: ='Tab 1_BalanceSheet & Inc.State'!J14 -> 179
